 Dungeon Crawl Stone Soup version 0.19.0-11-g3fc08b3 (webtiles) character file.

718 rocketpapaya the Conjurer (level 8, 0/52 HPs)
             Began as a Human Conjurer on Nov 8, 2016.
             Slain by a jelly (1 damage)
             ... on level 6 of the Dungeon.
             The game lasted 00:20:01 (6066 turns).

rocketpapaya the Conjurer (Human Conjurer)          Turns: 6066, Time: 00:20:02

Health: 0/52       AC: -8    Str:  9    XL:     8   Next: 1%
Magic:  14/14      EV: 12    Int: 17    God:
Gold:   588        SH:  0    Dex: 14    Spells: 4 memorised, 4 levels left

rFire  . . .     SeeInvis .     d - +0 dagger
rCold  . . .     Gourm    .     a - +0 robe
rNeg   . . .     Faith    .     (no shield)
rPois  .         Spirit   .     r - +0 helmet (curse)
rElec  .         Reflect  .     (no cloak)
rCorr  .         Harm     .     (no gloves)
MR     .....                    s - +0 pair of boots
Stlth  ++........               (no amulet)
                                (no ring)
                                (no ring)

@: corroded, fainting
A: no striking features
a: no special abilities


You were on level 6 of the Dungeon.
You were fainting.

You visited 1 branch of the dungeon, and saw 6 of its levels.

You collected 602 gold pieces.
You paid 14 gold pieces to Gozag.

Inventory:

Hand Weapons
 d - a +0 dagger (weapon)
Armour
 a - a +0 robe (worn)
 k - a +0 buckler
 r - a cursed +0 helmet (worn)
 s - a +0 pair of boots (worn)
Jewellery
 l - an uncursed ring of stealth {unknown}
 u - an uncursed ring of ice {unknown}
Wands
 t - a wand of lightning (1/15)
Scrolls
 c - a scroll of fog {unknown}
 f - a scroll of enchant weapon {unknown}
 h - 10 scrolls of identify {unknown}
 m - a scroll of remove curse {unknown}
 n - 2 scrolls of recharging {unknown}
 o - 2 scrolls of magic mapping {unknown}
 q - 3 scrolls of enchant armour {unknown}
 x - a scroll of random uselessness {unknown}
 y - a scroll of teleportation {unknown}
Potions
 e - a potion of curing
 g - 2 potions of brilliance {unknown}
 i - 2 potions of flight {unknown}
 j - a potion of ambrosia {unknown}
 p - a potion of agility {unknown}
 v - a potion of cure mutation {unknown}
 w - a potion of magic {unknown}
Books
 b - a book of Conjurations

   Spells                             Type                      Level
   a - Magic Dart                     Conjuration                  1
   b - Searing Ray                    Conjuration                  2
   c - Dazzling Spray                 Conjuration/Hexes            3
   d - Fulminant Prism                Conjuration/Hexes            4
   e - Iskenderun's Mystic Blast      Conjuration                  4
   f - Iskenderun's Battlesphere      Conjuration/Charms           5


   Skills:
 - Level 2.0 Dodging
 - Level 2.0 Stealth
 + Level 4.2 Spellcasting
 * Level 7.1 Conjurations
 - Level 3.0 Hexes
 + Level 2.0 Charms


You had 4 spell levels left.
You knew the following spells:

 Your Spells              Type           Power        Failure   Level  Hunger
a - Magic Dart            Conj           ####         1%          1    None
b - Searing Ray           Conj           ####..       1%          2    ##.....
c - Dazzling Spray        Conj/Hex       ###...       8%          3    ###....
d - Iskenderun's Battles  Conj/Chrm      ###.....     71%         5    ######.


Dungeon Overview and Level Annotations

Branches:
Dungeon (6/15)
 Temple: D:4-7

Altars:
Ashenzari
Dithmenos
Gozag
Hepliaklqana
The Shining One

Shops:
D:5 (

Annotations:
D:4 exclusion: ogre, Edmund


Message History

You hit the jelly but do no damage.
Your hands burn!
The jelly hits you. The acid corrodes you!
You are splashed with acid!
The acid burns!
You completely miss the jelly. The jelly hits you. The acid corrodes you!
You are splashed with acid!
The acid burns!
You hit the jelly but do no damage. The acid corrodes you!
Your hands burn!
The jelly hits you. The acid corrodes you!
You are splashed with acid!
The acid burns!
You hit the jelly but do no damage.
Your hands burn!
* * * LOW HITPOINT WARNING * * *
The jelly closely misses you.
You hit the jelly but do no damage. The acid corrodes you!
Your hands burn!
* * * LOW HITPOINT WARNING * * *
The jelly hits you.
* * * LOW HITPOINT WARNING * * *
You are splashed with acid!
The acid burns!
* * * LOW HITPOINT WARNING * * *
You hit the jelly but do no damage.
Your hands burn!
* * * LOW HITPOINT WARNING * * *
The jelly hits you.
You die...

#.#..#
#....#
....)##
##
.....
..
....#.#
#.....#
#.J.#
#@..#
#####


You could see a jelly.

Vanquished Creatures
  A sky beast (D:3)
  A howler monkey (D:5)
  A jelly (D:5)
  2 orc priests (D:5)
  2 hounds
  3 orc wizards (D:5)
  A bullfrog skeleton (D:4)
  2 iguanas
  3 worker ants
  A hound zombie (D:5)
  4 adders
  2 gnolls (D:3)
  3 oozes
  An adder zombie (D:5)
  4 worms
  2 dart slugs
  4 leopard geckos
  10 orcs
  4 giant cockroaches
  7 goblins
  11 hobgoblins
  3 jackals
  2 quokkas (D:4)
  2 ball pythons
  6 bats (D:1)
  7 frilled lizards
  7 kobolds
  7 rats
103 creatures vanquished.

Notes
Turn   | Place    | Note
-------+----------+-------------------------------------------
     0 | D:1      | rocketpapaya the Human Conjurer began the quest for the Orb.
     0 | D:1      | Reached XP level 1. HP: 13/13 MP: 3/3
   252 | D:1      | Reached XP level 2. HP: 16/19 MP: 3/5
   256 | D:1      | Learned a level 2 spell: Searing Ray
   588 | D:1      | Reached XP level 3. HP: 24/24 MP: 4/6
   593 | D:1      | Learned a level 3 spell: Dazzling Spray
  1609 | D:2      | Reached XP level 4. HP: 26/30 MP: 2/8
  1611 | D:2      | Reached skill level 1 in Hexes
  1795 | D:2      | Found an opulent altar of Gozag.
  1821 | D:2      | Became a worshipper of Gozag Ym Sagoz the Greedy
  1915 | D:2      | You fall through a shaft!
  1999 | D:2      | Reached skill level 5 in Conjurations
  2279 | D:3      | Found a shattered altar of Ashenzari.
  2327 | D:3      | Found a hazy altar of Hepliaklqana.
  2418 | D:3      | Reached XP level 5. HP: 35/35 MP: 4/9
  3230 | D:4      | Found a shadowy altar of Dithmenos.
  3514 | D:4      | Reached XP level 6. HP: 41/41 MP: 2/10
  3716 | D:4      | Noticed Edmund
  3745 | D:4      | Learned a level 5 spell: Iskenderun's Battlesphere
  3869 | D:4      | Noticed an ogre
  4013 | D:4      | Noticed a phantom
  4078 | D:5      | Entered Level 5 of the Dungeon
  4078 | D:5      | Noticed a sky beast
  4181 | D:3      | Killed a sky beast
  4181 | D:3      | Reached skill level 6 in Conjurations
  4466 | D:5      | Reached XP level 7. HP: 46/46 MP: 6/12
  4842 | D:5      | Reached skill level 1 in Charms
  5307 | D:5      | Found a glowing golden altar of the Shining One.
  5360 | D:5      | Found Joqoqaaj's Weapon Emporium.
  5462 | D:5      | Reached skill level 7 in Conjurations
  5801 | D:5      | Reached XP level 8. HP: 52/52 MP: 7/14
  5906 | D:5      | Upgraded the game from 0.19.0-9-gfd783f2 to 0.19.0-11-g3fc08b3
  5931 | D:5      | Fell from the grace of Gozag
  6065 | D:6      | HP: 2/52 [acid (6)]
  6066 | D:6      | Slain by a jelly

Skill      XL: |  1  2  3  4  5  6  7 |
---------------+----------------------+-----
Hexes          | 1 2 3 |  3.0
Conjurations   | 5 6 7 |  7.1
Spellcasting   | 3 4 |  4.2
Charms         | 2 |  2.0
Dodging        | |  2.0
Stealth        | |  2.0

Action                   |  1- 3 |  4- 6 |  7- 9 || total
-------------------------+-------+-------+-------++-------
Melee: Dagger            |    23 |    65 |    66 ||   154
 Cast: Magic Dart        |    59 |    91 |    31 ||   181
       Searing Ray       |       |     9 |     7 ||    16
       Dazzling Spray    |       |     7 |     4 ||    11
Invok: Potion Petition   |       |     1 |       ||     1
       Renounce Religion |       |       |     1 ||     1
Evoke: Wand              |       |       |     2 ||     2
  Use: Potion            |       |     1 |       ||     1
 Stab: Sleeping          |     1 |     1 |     2 ||     4
       Invisible         |       |     1 |     2 ||     3
  Eat: Chunk             |     3 |       |       ||     3
       Bread ration      |       |     2 |       ||     2
       Beef jerky        |       |       |     2 ||     2
       Pizza             |       |       |     1 ||     1
Armor: Robe              |     2 |    14 |    12 ||    28
Dodge: Dodged            |    10 |    36 |    39 ||    85
